 Dungeon Crawl Stone Soup version 0.20-a0-700-gbd4582c (console) character file.

147 nht the Ruffian (level 5, -7/50 HPs)
             Began as a Troll Fighter on Feb 20, 2017.
             Was a Follower of Nemelex Xobeh.
             Mangled by Crazy Yiuf
             ... wielding a +3 quarterstaff of chaos
              (10 damage)
             ... on level 3 of the Dungeon.
             The game lasted 00:04:00 (2276 turns).

nht the Ruffian (Troll Fighter)                     Turns: 2276, Time: 00:04:01

Health: -7/50      AC:  6    Str: 25    XL:     5   Next: 7%
Magic:  1/4        EV:  8    Int:  4    God:    Nemelex Xobeh [*.....]
Gold:   132        SH:  8    Dex:  9    Spells: 4/4 levels left

rFire    . . .     SeeInvis +   t - plain deck of escape {drawn: 4}
rCold    . . .     Gourm    +   a - +0 robe
rNeg     . . .     Faith    .   b - +0 shield
rPois    .         Spirit   .   (helmet restricted)
rElec    .         Reflect  .   p - +0 cloak
rCorr    .         Harm     .   (gloves unavailable)
MR       .....                  (boots unavailable)
Stlth    ++........             (no amulet)
Regen    0.6/turn               o - ring of stealth (curse)
MPRegen  0.1/turn               n - ring of see invisible

@: lethally poisoned (-7 -> -7)
A: unfitting armour, claws 3, fast metabolism 3, gourmand, regeneration 1,
shaggy fur 1, tough skin 2
a: Renounce Religion


You were on level 3 of the Dungeon.
You worshipped Nemelex Xobeh.
Nemelex Xobeh was aware of your devotion.
You were very full.

You visited 1 branch of the dungeon, and saw 3 of its levels.

You collected 132 gold pieces.

Inventory:

Armour
 a - a +0 robe (worn)
 b - a +0 shield (worn)
 p - a +0 cloak (worn)
Jewellery
 n - a ring of see invisible (left claw)
 o - a cursed ring of stealth (right claw)
Scrolls
 f - 5 scrolls of remove curse {unknown}
 h - 2 scrolls of recharging {unknown}
 i - a scroll of identify {unknown}
 j - a scroll of enchant weapon {unknown}
 k - 3 scrolls of teleportation {unknown}
 l - a scroll of fear {unknown}
 s - a scroll of immolation {unknown}
Potions
 c - a potion of might
 e - 2 potions of heal wounds {unknown}
 g - 2 potions of flight {unknown}
 m - 2 potions of lignification {unknown}
 u - a potion of curing {unknown}
Miscellaneous
 t - a plain deck of escape {drawn: 4} (in claw)
Comestibles
 d - 5 bread rations
 r - 2 meat rations


   Skills:
 - Level 2.4 Fighting
 - Level 2.4 Dodging
 - Level 2.4 Shields
 + Level 5.3 Unarmed Combat


You had 4 spell levels left.
You didn't know any spells.

Dungeon Overview and Level Annotations

Branches:
Dungeon (3/15)

Altars:
Fedhas
Nemelex Xobeh

Annotations:
D:2 exclusion: oklob plant
D:3 Crazy Yiuf


Innate Abilities, Weirdness & Mutations

You are too large for most types of armour.
You have claws for hands.
Your metabolism is lightning-fast.
You like to eat raw meat.
Your natural rate of healing is unusually fast.
You are covered in fur. (AC +1)
You have very tough skin. (AC +2)


Message History

Wield which item (- for none, * to show all)? (? for menu, Esc to quit)
t - a plain deck of escape (in claw)
You feel sick.
You draw a card...
It is the Shaft.
A shaft materialises beneath you! You block Crazy Yiuf's attack.
You feel sick.
Crazy Yiuf says, "Snoogle!
Fire broken tortoise."
There is an open door here.
You draw a card...
It is the Tomb.
Walls emerge from the floor!
You feel sick.
Crazy Yiuf hits you with a quarterstaff of chaos!
* * * LOW HITPOINT WARNING * * *
The walls disappear prematurely!
You draw a card...
It is the Tomb.
Nothing appears to happen.
You feel sick. You block Crazy Yiuf's attack.
You feel sick.
You feel sick.
You draw a card...
It is the Tomb.
Walls emerge from the floor!
Crazy Yiuf hits you with a quarterstaff of chaos!
You die...
Your body disappears without a glow. █.█.█.█..█ █.█ █.█.....█ █.....)..█ █.█ █.███.█.█ ███.█.█.████'██ █........ █.....█ █...█ ███████.█ ████.███ █████

█.█ ██.██.█ ████.█
██...█.████████ █.██.█
█.).....█..██g████████
█.....
██.........█@█..██...█
█.██.█
██.█......█████.'^..█
████.█ ███.█.█..██
███..)█ █....█
█.██████


█████ █....█ █.█ █....█ █.█ █....█ █.█████████████ █....█
█.............███████.███ ███████...<.........█.█ You could see Crazy Yiuf.

Vanquished Creatures
  An orc priest (D:3)
  3 adders
  2 worms
  2 dart slugs
  A leopard gecko (D:2)
  8 orcs (D:3)
  A giant cockroach (D:3)
  8 goblins
  7 hobgoblins
  6 jackals
  12 kobolds
  2 quokkas
  A ball python (D:1)
  7 bats
  4 frilled lizards
  6 rats
71 creatures vanquished.

Vanquished Creatures (others)
  14 toadstools (D:2)
14 creatures vanquished.

Grand Total: 85 creatures vanquished

Notes
Turn   | Place    | Note
-------+----------+-------------------------------------------
     0 | D:1      | nht the Troll Fighter began the quest for the Orb.
     0 | D:1      | Reached XP level 1. HP: 22/22 MP: 0/0
   324 | D:1      | Reached XP level 2. HP: 27/29 MP: 1/1
   418 | D:1      | Reached skill level 3 in Unarmed Combat
   779 | D:1      | You fall through a shaft!
   798 | D:2      | Reached XP level 3. HP: 36/36 MP: 2/2
   854 | D:2      | Reached skill level 4 in Unarmed Combat
  1057 | D:2      | Found a blossoming altar of Fedhas.
  1073 | D:2      | Noticed an oklob plant
  1404 | D:3      | Found a runed door.
  1506 | D:3      | Reached XP level 4. HP: 44/44 MP: 3/3
  1715 | D:3      | Reached skill level 5 in Unarmed Combat
  1910 | D:3      | Reached XP level 5. HP: 50/50 MP: 4/4
  1968 | D:3      | Found a faded altar of an unknown god.
  1982 | D:3      | Became a worshipper of Nemelex Xobeh the Trickster
  1982 | D:3      | Received a gift from Nemelex Xobeh
  1982 | D:3      | Reached * piety under Nemelex Xobeh
  2259 | D:3      | Noticed Crazy Yiuf
  2276 | D:3      | Mangled by Crazy Yiuf

Vault maps used:
D:1:      sevenhm_arrival_forest_fort_small_4
D:2:      tgw_fedhas
D:3:      chequers_ecumenical_altar_simple_redux, uniq_crazy_yiuf_cottage

Skill      XL: |  1  2  3  4 |
---------------+-------------+-----
Unarmed Combat | 3 4 5 |  5.3
Fighting       | |  2.4
Dodging        | |  2.4
Shields        | |  2.4

Action                   |  1- 3 |  4- 6 || total
-------------------------+-------+-------++-------
Melee: Unarmed           |   119 |    82 ||   201
Evoke: Deck              |       |     4 ||     4
 Stab: Sleeping          |       |     3 ||     3
  Eat: Chunk             |    19 |     7 ||    26
Armor: Robe              |    39 |    31 ||    70
Dodge: Dodged            |    29 |    26 ||    55
Block: Shield            |    41 |    34 ||    75
